 Dungeon Crawl Stone Soup version 0.26-a0-658-gbdda728c12 (webtiles) character file.

Game seed: 12774958724841664321

418 flotson the Ducker (level 7, 0/40 HPs)
             Began as a Kobold Conjurer on Oct 4, 2020.
             Slain by a giant cockroach (1 damage)
             ... on level 4 of the Dungeon.
             The game lasted 00:09:56 (4789 turns).

flotson the Ducker (Kobold Conjurer)                Turns: 4789, Time: 00:09:57

Health: 0/40       AC:  5    Str:  4    XL:     7   Next: 16%
Magic:  7/11       EV: 16    Int: 19    God:
Gold:   81         SH:  0    Dex: 16    Spells: 8/11 levels left

rFire    . . .     SeeInvis .   a - +0 rapier
rCold    . . .     Faith    .   (shield restricted)
rNeg     . . .     Spirit   .   d - +0 leather armour
rPois    .         Reflect  .   p - +0 helmet
rElec    .         Harm     .   (no cloak)
rCorr    .         Rampage  .   (no gloves)
MR       .....                  o - +0 pair of boots
Stlth    ++........             (no amulet)
HPRegen  0.13/turn              n - ring of attention
MPRegen  0.12/turn              (no ring)

@: flying
A: small, nightstalker 3
a: no special abilities


You were on level 4 of the Dungeon.
You visited 1 branch of the dungeon, and saw 4 of its levels.

You collected 81 gold pieces.

Inventory:

Hand Weapons
 a - a +0 rapier (weapon)
 b - a +0 hunting sling
Missiles
 c - 16 sling bullets
 g - 98 stones
 l - 34 poisoned darts (quivered)
Armour
 d - a +0 leather armour (worn)
 o - a +0 pair of boots (worn)
 p - a +0 helmet (worn)
Jewellery
 n - a ring of attention (left hand)
Scrolls
 e - 3 scrolls of identify
 i - a scroll of amnesia {unknown}
 j - a scroll of immolation
 k - a scroll of magic mapping
 q - a scroll of remove curse
 r - a scroll of teleportation {unknown}
 s - a scroll of random uselessness
Potions
 f - 2 potions of haste
 h - a potion of flight
 m - a potion of stabbing {unknown}


   Skills:
 + Level 2.0 Fighting
 + Level 3.0 Short Blades
 + Level 2.4 Slings
 + Level 1.5 Armour
 + Level 4.6 Dodging
 + Level 3.6 Stealth
 + Level 2.8 Spellcasting
 + Level 4.6 Conjurations


You had 8 spell levels left.
You knew the following spells:

 Your Spells              Type           Power        Failure   Level
a - Magic Dart            Conj           ###.         4%          1
b - Searing Ray           Conj           ###...       6%          2

Your spell library contained the following spells:

 Spells                   Type           Power        Failure   Level
 Dazzling Flash           Conj/Hex       ##....       30%         3
 Fulminant Prism          Conj/Hex       ##........   71%         4
 Iskenderun's Mystic Bla  Conj/Tloc      ##......     71%         4


Dungeon Overview and Level Annotations

Branches:
Dungeon (4/15)             Temple (0/1) D:4

Altars:
Fedhas
Makhleb

Annotations:
D:4 Duvessa


Innate Abilities, Weirdness & Mutations

You are small and have problems with some larger weapons.
You are completely attuned to the shadows.


Message History

The giant cockroach barely misses you.
As you read the scroll labeled IRORORPH IQEEHO, it crumbles to dust.
You feel aware of your surroundings.
You sensed 1 altar.
It was a scroll of magic mapping.
Duvessa completely misses you. The giant cockroach closely misses you.
Duvessa hits you but does no damage.
As you read the scroll labeled ZAUL NICVA, it crumbles to dust.
You feel as if something is helping you.
It was a scroll of remove curse.
Duvessa hits you with a +0 short sword.
* * * LOW HITPOINT WARNING * * *
The giant cockroach misses you.
As you read the scroll labeled IXZIGU SICYWK, it crumbles to dust.
You experience a momentary feeling of inescapable doom!
It was a scroll of random uselessness.
Duvessa closely misses you.
The giant cockroach completely misses you.
Duvessa hits you with a +0 short sword!
* * * LOW HITPOINT WARNING * * *
It was a potion of flight.
You feel very buoyant.
You fly up into the air.
The giant cockroach bites you.
You die...

,********,,,*#....##.####...#
,*,,,,,**,,,*#....#######...#
,*,,,,,,,,,,,...............#
,*,,,,,,,,,,,...............#
,*,,,,,,,,,,................#
,*,,,,,,,,,,................#
,*,,,,,,,,,,................#
,*,,,,,,,,,,...B............#
,*,,,,,,,,,,...e@...........#
,*,,,***##########...####...#
,*,,.####..###..##...####...#
,*,,........................#
,*,,..................>.....#
,*,,........................#
,*,,...................##...#
,*,,............####)####...#
,*,,............#.......#...#


You could see Duvessa (berserk, inner flame) and a giant cockroach (inner
flame).

Vanquished Creatures
  Dowan (D:4)
  2 orc priests (D:3)
  An orc wizard (D:3)
  Jessica (D:2)
  3 worker ants
  7 adders
  3 gnolls (D:3)
  2 oozes
  A worm (D:2)
  7 leopard geckos
  7 orcs
  2 ball pythons
  5 bats
  4 giant cockroaches
  6 goblins
  7 hobgoblins
  4 jackals (D:3)
  A quokka (D:3)
  3 frilled lizards
  5 kobolds
  4 rats
76 creatures vanquished.

Vanquished Creatures (others)
  4 fungi (D:2)
4 creatures vanquished.

Grand Total: 80 creatures vanquished

Notes
Turn   | Place    | Note
-------+----------+-------------------------------------------
     0 | D:1      | flotson the Kobold Conjurer began the quest for the Orb.
     0 | D:1      | Reached XP level 1. HP: 10/10 MP: 3/3
   248 | D:1      | Reached XP level 2. HP: 15/15 MP: 0/5
   513 | D:1      | You fall into a shaft and drop 1 floor!
   917 | D:1      | Learned a level 2 spell: Searing Ray
  1490 | D:2      | Found a blossoming altar of Fedhas.
  1536 | D:2      | Noticed Jessica
  1549 | D:2      | Reached skill level 1 in Slings
  1549 | D:2      | Reached XP level 3. HP: 10/19 MP: 0/6
  1557 | D:2      | Killed Jessica
  1557 | D:2      | Reached XP level 4. HP: 13/24 MP: 1/7
  2491 | D:2      | Reached XP level 5. HP: 23/28 MP: 0/8
  2694 | D:3      | Found a burning altar of Makhleb.
  2883 | D:3      | Reached skill level 1 in Fighting
  3621 | D:3      | Reached XP level 6. HP: 33/34 MP: 9/9
  3711 | D:3      | Reached skill level 1 in Short Blades
  3711 | D:3      | Reached skill level 1 in Armour
  4651 | D:4      | Noticed Dowan
  4654 | D:4      | Noticed Duvessa
  4668 | D:4      | Killed Dowan
  4668 | D:4      | Reached XP level 7. HP: 37/40 MP: 3/11
  4788 | D:4      | HP: 1/40 [Duvessa/+0 short sword (8)]
  4789 | D:4      | Slain by a giant cockroach

Illustrated notes

Levels and vault maps discovered:
D:1:      scummos_arrival_checkerplants, layout_basic
D:2:      layout_rooms, fedhas_altar_3, uniq_jessica
D:3:      layout_loops_ring, bloody_makhleb
D:4:      layout_gridville, vehumet_crystals, minmay_temple_entry_junction,
          feat_on_display, uniq_grinder, uniq_blork_the_orc, uniq_duvessa

Skill      XL: |  1  2  3  4  5  6 |
---------------+-------------------+-----
Slings         | 1 2 |  2.4
Stealth        | 3 |  3.6
Dodging        | 3 4 |  4.6
Fighting       | 1 2 |  2.0
Short Blades   | 3 |  3.0
Armour         | 1 |  1.5
Spellcasting   | |  2.8
Conjurations   | |  4.6

Action                   |  1- 3 |  4- 6 |  7- 9 || total
-------------------------+-------+-------+-------++-------
Melee: Spear             |       |    35 |       ||    35
       Rapier            |       |   119 |     1 ||   120
 Fire: Hunting sling     |    45 |    44 |       ||    89
Throw: Dart              |     3 |     7 |       ||    10
 Cast: Magic Dart        |    20 |    13 |       ||    33
       Searing Ray       |       |    19 |     2 ||    21
  Use: Scroll            |       |       |     5 ||     5
       Potion            |       |       |     1 ||     1
 Stab: Sleeping          |       |     6 |     1 ||     7
Armor: Leather armour    |    13 |    59 |     1 ||    73
Dodge: Dodged            |    49 |   167 |    11 ||   227

Table legend: (Time is in decaauts)
 A = Elapsed time spent in this place.
 B = Non-inter-level travel time spent in this place.
 C = Inter-level travel time spent in this place.
 D = Time resting spent in this place.
 E = Time spent auto-exploring this place.
 F = Levels seen in this place.
 G = Mean time per level.
                   A        B        C        D        E       F      G
               +--------+--------+--------+--------+--------+-----+--------+
         Total |   4827 |   4654 |    173 |   1321 |   2550 |   4 | 1206.8 |
       Dungeon |   4827 |   4654 |    173 |   1321 |   2550 |   4 | 1206.8 |
               +--------+--------+--------+--------+--------+-----+--------+

Top non-repeatable levels by time:
     D:1: 1677 daAuts
     D:3: 1613 daAuts
     D:2: 1327 daAuts
     D:4: 209 daAuts
